 Dungeon Crawl Stone Soup version 0.18.1-6-gd335043 (webtiles) character file.

66 Goblin1989 the Firebug (level 3, -3/24 HPs)
             Began as a Demonspawn Fire Elementalist on May 16, 2016.
             Slain by a hobgoblin (4 damage)
             ... on level 2 of the Dungeon.
             The game lasted 00:06:54 (1685 turns).

Goblin1989 the Firebug (DsFE)                       Turns: 1685, Time: 00:06:55

Health: -3/24      AC:  3    Str:  8    XL:     3   Next: 96%
Magic:  3/6        EV: 15    Int: 17    God:
Gold:   78         SH:  0    Dex: 13    Spells: 1 memorised, 6 levels left

rFire  . . .     SeeInvis .     e - +0 spear
rCold  . . .     Gourm    .     a - +1 robe
rNeg   . . .     Faith    .     (no shield)
rPois  .         Spirit   .     (no helmet)
rElec  .         Dismiss  .     (no cloak)
rCorr  .         Reflect  .     (no gloves)
SustAt .         Harm     .     (no boots)
MR     .....                    (no amulet)
Stlth  ++........               (no ring)
                                (no ring)

@: not resistant to hostile enchantments, unstealthy
A: repulsion field 2
a: no special abilities


You were on level 2 of the Dungeon.
You were not hungry.

You visited 1 branch of the dungeon, and saw 2 of its levels.

You collected 78 gold pieces.

Inventory:

Hand Weapons
 e - a +0 spear (weapon)
 p - a +0 trident
Missiles
 m - 24 poisoned needles
Armour
 a - a +1 robe (worn)
Wands
 d - a wand of slowing (35/48)
Scrolls
 i - 2 scrolls of identify
 j - a scroll of blinking {unknown}
 l - a scroll of recharging {unknown}
 n - a scroll of enchant weapon {unknown}
 q - a scroll of enchant armour
Potions
 o - a potion of flight {unknown}
Books
 b - a book of Flames

   Spells                             Type                      Level
   a - Flame Tongue                   Conjuration/Fire             1
   b - Throw Flame                    Conjuration/Fire             2
   c - Conjure Flame                  Conjuration/Fire             3
   d - Inner Flame                    Hexes/Fire                   3
   e - Sticky Flame                   Conjuration/Fire             4
   f - Fireball                       Conjuration/Fire             5
Comestibles
 c - 3 bread rations
 f - 2 royal jellies
 g - 5 fruits


   Skills:
 - Level 1.7 Dodging
 - Level 1.7 Stealth
 + Level 2.5 Spellcasting
 * Level 1.5 Conjurations
 * Level 3.9 Fire Magic


You had 6 spell levels left.
You knew the following spells:

 Your Spells              Type           Power        Failure   Level  Hunger
a - Flame Tongue          Conj/Fire      ##...        10%         1    #......


Dungeon Overview and Level Annotations

Branches:
Dungeon (2/15)

Altars:


Innate Abilities, Weirdness & Mutations

You are surrounded by a moderate repulsion field (EV +3).


Message History

You are too injured to fight recklessly!
You are too injured to fight recklessly!
You are too injured to fight recklessly!
You are too injured to fight recklessly!
You are too injured to fight recklessly!
You are too injured to fight recklessly!
You are too injured to fight recklessly!
You are too injured to fight recklessly!
You are too injured to fight recklessly!
You see here 4 stones.
The gnoll throws a stone.
The stone hits you.
The gnoll throws a stone.
The stone closely misses you.
You see here 2 stones.
The gnoll throws a stone.
The stone hits you.
The gnoll throws a stone.
The stone hits you.
Your magical contamination has completely faded away.
You see here 2 stones.
You take 10 damage, and have 1/24 hp.
MASSIVE DAMAGE!!
The hobgoblin hits you.
You die...

..........#
##................
#########.#
#.#...####.####.. #.#
#.##.## #.# #.# #.#
#.#### #.# #.. #.# #.#
#.# #.#
#.#######.###### #.#
#.# #..............#
#)####.#
#######.#g####.#
#......# ##..@.# #.#
#..###.#
##.....####.####.# #.#
#.......g....# #.# #.#
#......####g.# #.# #.#
#.#......##(.###.###.#
#.##.#.#.##.g##...##.#
#>##.#.#.##(.........#
#.##.#.#.##....#######
# #.##.......(...#


You could see a gnoll and a hobgoblin.

Vanquished Creatures
  3 adders (D:2)
  An ooze (D:1)
  A giant gecko (D:1)
  A ball python (D:1)
  3 bats
  2 giant cockroaches
  6 goblins
  6 hobgoblins
  6 kobolds
  3 giant newts (D:1)
  A rat (D:1)
33 creatures vanquished.

Notes
Turn   | Place    | Note
--------------------------------------------------------------
     0 | D:1      | Goblin1989 the Demonspawn Fire Elementalist began the quest for the Orb.
     0 | D:1      | Reached XP level 1. HP: 13/13 MP: 3/3
   226 | D:1      | Reached skill level 3 in Fire Magic
   327 | D:1      | Gained mutation: You are surrounded by a mild repulsion field (EV +2). [demonic ancestry]
   327 | D:1      | Reached XP level 2. HP: 19/19 MP: 3/5
  1032 | D:2      | Gained mutation: You are surrounded by a moderate repulsion field (EV +3). [demonic ancestry]
  1032 | D:2      | Reached XP level 3. HP: 24/24 MP: 3/6
  1675 | D:2      | HP: 1/24 [gnoll/stone (5)]
  1685 | D:2      | Slain by a hobgoblin

Skill      XL: |  1 |
---------------+----+-----
Fire Magic     | 3 |  3.9
Dodging        | |  1.7
Stealth        | |  1.7
Spellcasting   | |  2.5
Conjurations   | |  1.5

Action                   || total
-------------------------++-------
Melee: Spear             ||    19
 Cast: Flame Tongue      ||    63
  Use: Scroll            ||     2
       Potion            ||     2
 Stab: Sleeping          ||     1
  Eat: Chunk             ||     3
Armor: Robe              ||     6
Dodge: Dodged            ||    47
